 Dungeon Crawl Stone Soup version 0.31.0-12-g77e489cdc1 (webtiles) character file.

Game seed: 13697579200070622227

657 Gadfly the Trooper (level 7, -1/74 HPs)
             Began as an Oni Berserker on Feb 24, 2024.
             Was a Priest of Trog.
             Slain by a gnoll
             ... wielding a +0 halberd
              (12 damage)
             ... on level 5 of the Dungeon.
             The game lasted 00:04:57 (3912 turns).

Gadfly the Trooper (Oni Berserker)                  Turns: 3912, Time: 00:04:57

Health: -1/74      AC:  4    Str: 28    XL:     7   Next: 55%
Magic:  7/7        EV: 10    Int:  8    God:    Trog [***...]
Gold:   285        SH:  0    Dex: 10    Spells: 6/6 levels left

rFire   . . .        b - +1 flail (holy)
rCold   . . .        (no shield)
rNeg    . . .        m - +0 animal skin
rPois   .            (helmet restricted)
rElec   .            r - +0 cloak
rCorr   .            (gloves unavailable)
SInv    .            (boots unavailable)
Will    .....        o - amulet of faith
Stlth   +            l - ring of flight
HPRegen 0.32/turn    p - +6 ring of strength
MPRegen 0.10/turn

%: faith
@: flying
A: large, unfitting armour, horns 1, tough skin 1, double potion healing,
drunken brawling
a: Renounce Religion, Berserk, Trog's Hand


You were on level 5 of the Dungeon.
You worshipped Trog.
Trog was most pleased with you.
You visited 1 branch of the dungeon, and saw 5 of its levels.

You collected 285 gold pieces.

Inventory:

Hand Weapons
 a - a +1 flail
 b - a +1 flail of holy wrath (weapon)
Armour
 m - a +0 animal skin (worn)
 r - a +0 cloak (worn)
Jewellery
 l - a ring of flight (left hand)
 n - a ring of positive energy
 o - an amulet of faith (around neck)
 p - a +6 ring of strength (right hand)
 q - a ring of fire
Wands
 d - a wand of roots (12) (quivered)
Scrolls
 i - 2 scrolls of vulnerability
 j - a scroll of poison
Potions
 c - 2 potions of heal wounds
 e - 2 potions of curing
 f - a potion of magic {unknown}
 g - a potion of resistance {unknown}
 h - a potion of haste {unknown}
 k - a potion of enlightenment


   Skills:
 + Level 5.7 Fighting
 * Level 5.1 Maces & Flails
 * Level 3.5 Armour
 - Level 2.6 Dodging
 * Level 3.2 Evocations


You had 6 spell levels left.
You didn't know any spells.
Your spell library was empty.

Dungeon Overview and Level Annotations

Branches:
Dungeon (5/15)
 Temple: D:4-7

Altars:
Nemelex Xobeh


Innate Abilities, Weirdness & Mutations

You are too large for most types of armour.
You have a pair of small horns on your head.
You have tough skin. (AC +1)
You gain doubled healing and magic from potions.
Whenever you drink a healing potion, you attack all around you.


Message History

You kill the gnoll!
Trog accepts your kill.
The gnoll hits you from afar with a +0 halberd.
You hit the gnoll but do no damage. The gnoll hits you with a +0 flail.
The gnoll barely misses you.
You closely miss the gnoll. Your headbutt misses the gnoll.
The gnoll hits you with a +0 flail!
The gnoll hits you from afar with a +0 halberd!
The gnoll hits you with a +0 flail!
You are too injured to fight recklessly!
You are too injured to fight recklessly!
You are too injured to fight recklessly!
You are too injured to fight recklessly!
You are too injured to fight recklessly!
You are too injured to fight recklessly!
You are too injured to fight recklessly!
You are too injured to fight recklessly!
You are too injured to fight recklessly!
You are too injured to fight recklessly!
You are too injured to fight recklessly!
You are too injured to fight recklessly!
You are too injured to fight recklessly!
You are too injured to fight recklessly!
You are too injured to fight recklessly!
You are too injured to fight recklessly!
You are too injured to fight recklessly!
You are too injured to fight recklessly!
Unknown command.
You are too injured to fight recklessly!
The gnoll completely misses you. The gnoll closely misses you.
The gnoll attacks as it pursues you!
The gnoll hits you from afar with a +0 halberd!
The gnoll attacks as it pursues you! The gnoll hits you with a +0 flail.
The gnoll attacks as it pursues you! The gnoll hits you with a +0 flail!
* * * LOW HITPOINT WARNING * * *
The gnoll attacks as it pursues you! The gnoll hits you with a +0 flail.
* * * LOW HITPOINT WARNING * * *
The gnoll attacks as it pursues you!
The gnoll hits you from afar with a +0 halberd!
You die...

#.......##......##
#................#
#................+
#................#
#.......##......##
#.......##......#
+.......##......#
#.......##......##
.......@gg......+
##+######g...)..#
#.......#
#.......#
#.......#
#.......#
#.......#
#########


You could see 3 gnolls.

Vanquished Creatures
  A black bear (D:4)
  An ogre (D:4)
  2 scorpions (D:5)
  A bombardier beetle (D:4)
  2 hounds (D:4)
  An orc priest (D:4)
  An orc wizard (D:4)
  9 adders
  4 gnolls
  2 dart slugs
  8 orcs
  6 ball pythons
  6 bats
  6 endoplasms
  3 giant cockroaches
  6 goblins
  6 hobgoblins
  6 jackals
  10 kobolds
  2 quokkas
  3 frilled lizards
  2 rats (D:1)
88 creatures vanquished.

Notes
Turn   | Place    | Note
-------+----------+-------------------------------------------
     0 | D:1      | Gadfly the Oni Berserker began the quest for the Orb.
     0 | D:1      | Reached XP level 1. HP: 24/24 MP: 1/1
    95 | D:1      | Reached XP level 2. HP: 32/32 MP: 2/2
   627 | D:2      | Reached skill level 1 in Armour
   639 | D:2      | Reached skill level 1 in Evocations
   639 | D:2      | Reached XP level 3. HP: 21/40 MP: 3/3
  1002 | D:2      | Reached ** piety under Trog
  1037 | D:2      | Reached XP level 4. HP: 40/49 MP: 4/4
  1864 | D:4      | Reached XP level 5. HP: 44/55 MP: 5/5
  2116 | D:4      | Noticed a black bear
  2244 | D:4      | Killed a black bear
  2245 | D:4      | Reached skill level 5 in Fighting
  2245 | D:4      | Reached XP level 6. HP: 34/66 MP: 6/6
  2741 | D:4      | Reached *** piety under Trog
  3078 | D:4      | Reached XP level 7. HP: 50/72 MP: 7/7
  3266 | D:4      | Found a sparkling altar of Nemelex Xobeh.
  3547 | D:5      | Entered Level 5 of the Dungeon
  3638 | D:5      | Reached skill level 5 in Maces & Flails
  3912 | D:5      | Slain by a gnoll

Illustrated notes

Levels and vault maps discovered:
D:1:      nzn_arrival_crosshair, layout_basic, st_stairs_12, minmay_tromino_v7
D:2:      layout_rooms
D:3:      layout_rooms
D:4:      layout_basic, nemelex_altar_shiori, serial_forest,
          infiniplex_forest_lined_3_way, infiniplex_forest_lined_ring,
          infiniplex_forest_clump_cross, infiniplex_forest_end_double,
          infiniplex_forest_clump_medium, infiniplex_forest_clump_curved,
          infiniplex_forest_fountain, infiniplex_forest_end_1,
          chequers_mini_garden
D:5:      minmay_skewed_foursquare, layout_gridville, uniq_blork_the_orc

Skill      XL: |  1  2  3  4  5  6  7 |
---------------+----------------------+-----
Armour         | 1 2 3 |  3.5
Evocations     | 1 2 3 |  3.2
Maces & Flails | 4 5 |  5.1
Fighting       | 5 |  5.7
Dodging        | |  2.6

Action                     |  1- 3 |  4- 6 |  7- 9 || total
---------------------------+-------+-------+-------++-------
  Melee: Mace              |    35 |       |       ||    35
         Headbutt          |    11 |    24 |     5 ||    40
         Flail             |    43 |   125 |    25 ||   193
         Punch             |       |     1 |     1 ||     2
 Invoke: Berserk           |       |     1 |       ||     1
    Use: Scroll            |     5 |     4 |     1 ||    10
         Potion            |       |     1 |     1 ||     2
 Armour: Animal skin       |    53 |   118 |    26 ||   197
  Dodge: Dodged            |    37 |    93 |    11 ||   141
